 Dungeon Crawl Stone Soup version 0.22-a0-409-gb855193 (webtiles) character file.

2093 aspa the Thaumaturge (level 9, -17/51 HPs)
             Began as an Octopode Wizard on May 10, 2018.
             Was a Follower of Sif Muna.
             Demolished by an orc warrior
             ... wielding a +0 battleaxe
              (19 damage)
             ... on level 7 of the Dungeon.
             The game lasted 00:29:13 (8878 turns).

aspa the Thaumaturge (Octopode Wizard)              Turns: 8878, Time: 00:29:16

Health: -17/51     AC:  1    Str:  8    XL:     9   Next: 27%
Magic:  18/23      EV: 13    Int: 23    God:    Sif Muna [*.....]
Gold:   394        SH:  0    Dex:  8    Spells: 16/29 levels left

rFire    + + .     SeeInvis .   a - +7 trident "Wogemm" {pierce, rF+ rC+ Str+2 Dex-3}
rCold    + . .     Gourm    +   (no shield)
rNeg     . . .     Faith    .   p - +0 hat
rPois    +         Spirit   .   y - amulet of the gourmand
rElec    .         Reflect  .   l - ring of protection from fire
rCorr    .         Harm     .   o - ring of poison resistance
MR       .....                  (no ring)
Stlth    +++.......             (no ring)
HPRegen  0.17/turn              (no ring)
MPRegen  0.18/turn              (no ring)
                                (no ring)
                                (no ring)

@: very slightly contaminated
A: almost no armour, stealthy swim, amphibious, 8 rings, constrict 8, camouflage
1, gelatinous body 1
a: Divine Energy, Renounce Religion


You were on level 7 of the Dungeon.
You worshipped Sif Muna.
Sif Muna was aware of your devotion.
You were very full.

You visited 2 branches of the dungeon, and saw 8 of its levels.

You collected 394 gold pieces.

Inventory:

Hand Weapons
 a - the +7 trident "Wogemm" (weapon) {pierce, rF+ rC+ Str+2 Dex-3}
   (You found it on level 6 of the Dungeon)

   It inflicts extra damage upon your enemies.
   It affects your strength (+2).
   It affects your dexterity (-3).
   It protects you from fire.
   It protects you from cold.
Armour
 p - a +0 hat (worn)
Jewellery
 l - a ring of protection from fire (left tentacle)
 o - a ring of poison resistance (right tentacle)
 u - an uncursed amulet of magic regeneration
 y - an amulet of the gourmand (around mantle)
Scrolls
 b - a scroll of fear {unknown}
 e - a scroll of amnesia {unknown}
 f - 5 scrolls of remove curse {unknown}
 g - 5 scrolls of teleportation
 h - 4 scrolls of magic mapping {unknown}
 i - 3 scrolls of enchant armour {unknown}
 j - 5 scrolls of identify {unknown}
 k - 5 scrolls of fog {unknown}
 m - a scroll of vulnerability {unknown}
 s - 2 scrolls of blinking {unknown}
 t - 3 scrolls of enchant weapon {unknown}
 v - a scroll of immolation {unknown}
 x - 2 scrolls of noise {unknown}
Potions
 d - a potion of invisibility
 n - a potion of curing {unknown}
 q - a potion of lignification {unknown}
 r - a potion of brilliance {unknown}
 w - a potion of magic {unknown}
 z - 3 potions of resistance
 B - a potion of haste {unknown}
Comestibles
 c - 18 rations


   Skills:
 - Level 2.0 Dodging
 - Level 2.6 Stealth
 + Level 10.9 Spellcasting
 - Level 3.0 Conjurations
 - Level 1.0 Summonings
 - Level 1.0 Translocations


You had 16 spell levels left.
You knew the following spells:

 Your Spells              Type           Power        Failure   Level  Hunger
a - Magic Dart            Conj           ####         1%          1    None
b - Call Imp              Summ           ###.....     4%          2    None
c - Mephitic Cloud        Conj/Pois/Air  ###.....     11%         3    None
d - Blink                 Tloc           N/A          4%          2    None
e - Slow                  Hex            ##......     8%          2    None
f - Conjure Flame         Conj/Fire      ###.....     9%          3    None


Dungeon Overview and Level Annotations

Branches:
Dungeon (7/15)             Temple (1/1) D:6

Altars:
Cheibriados
Dithmenos
Fedhas
Gozag
Kikubaaqudgha
Nemelex Xobeh
Okawaru
Qazlal
Ru
Sif Muna
Trog
Uskayaw
Wu Jian
Xom
Yredelemnul
Zin
Beogh

Shops:
D:7 [

Annotations:
D:6 Joseph
D:7 Borgoz's ghost, novice GrFi


Innate Abilities, Weirdness & Mutations

You cannot wear most types of armour.
You are very stealthy in the water. (Stealth+)
You are amphibious.
You can wear up to eight rings at the same time.
You can use your tentacles to constrict eight enemies at once.
Your skin changes colour to match your surroundings (Stealth+).
Your rubbery body absorbs attacks. (AC +1, EV +1)


Message History

The orc wizard barely misses you.
The orc warrior hits you with a battleaxe!
Casting: Blink (safe; 4% risk of failure)
Confirm with . or Enter, or press ? or * to list all spells.
You miscast Blink.
You are very lightly contaminated with residual magic.
Nothing appears to happen.
The orc wizard hits you but does no damage.
The orc warrior hits you with a battleaxe!
* * * LOW HITPOINT WARNING * * *
The orc hits you with a whip!
* * * LOW HITPOINT WARNING * * *
The orc barely misses you.
Casting: Blink (safe; 4% risk of failure)
Confirm with . or Enter, or press ? or * to list all spells.
You blink.
The orc wizard casts a spell.
The orc wizard seems to speed up.
The orc warrior hits you with a battleaxe!!
You die...

...<.#......#
.....###.####
.....# #.# .....#
#W# ###### #.#
##### #.###..(##
#...(.#oo## ###
####....oo# W.#
##.∩W#@#
#.#########....#.#
#......o.....#.#.#
...###########.#.#
#.## #..#.# #.#
#.#..# ..# #...##
### #####


You could see an orc warrior, an orc wizard and 2 orcs.

Vanquished Creatures
  The ghost of Borgoz the Covered, an amateur GrFi (D:4)
  A hippogriff (D:7)
  An orc warrior (D:7)
  2 ice beasts
  An ogre (D:5)
  A centaur (D:7)
  3 bullfrogs
  A wyvern zombie (D:7)
  6 crimson imps
  2 jellies
  7 orc wizards
  4 orc priests
  3 hounds
  2 centaur skeletons
  2 iguanas
  4 worker ants
  Robin (D:3)
  2 gnolls
  3 adders
  2 oozes
  An adder skeleton (D:4)
  2 worms
  4 dart slugs
  6 leopard geckos
  24 orcs
  3 ball pythons
  6 giant cockroaches
  8 hobgoblins
  7 jackals
  3 kobolds
  4 quokkas
  6 bats
  A frilled lizard (D:3)
  15 goblins
  A leopard gecko skeleton (D:6)
  A quokka skeleton (D:4)
  3 rats
144 creatures vanquished.

Vanquished Creatures (collateral kills)
  A worker ant (D:4)
  3 adders (D:2)
  An ooze (D:2)
  3 worms
8 creatures vanquished.

Grand Total: 152 creatures vanquished

Notes
Turn   | Place    | Note
-------+----------+-------------------------------------------
     0 | D:1      | aspa the Octopode Wizard began the quest for the Orb.
     0 | D:1      | Reached XP level 1. HP: 11/11 MP: 4/4
   218 | D:1      | Reached XP level 2. HP: 17/17 MP: 0/6
   222 | D:1      | Learned a level 2 spell: Call Imp
  1491 | D:2      | Reached XP level 3. HP: 16/21 MP: 1/8
  1504 | D:2      | Learned a level 3 spell: Mephitic Cloud
  1507 | D:2      | Learned a level 2 spell: Blink
  2016 | D:2      | Reached skill level 4 in Spellcasting
  2101 | D:2      | Learned a level 2 spell: Slow
  2430 | D:2      | Reached XP level 4. HP: 27/27 MP: 6/10
  2862 | D:3      | Noticed an ice beast
  3111 | D:3      | Reached XP level 5. HP: 31/31 MP: 1/11
  3193 | D:3      | Found a roughly hewn altar of Beogh.
  3216 | D:3      | Noticed Robin
  3300 | D:3      | Killed Robin
  3506 | D:3      | Reached skill level 5 in Spellcasting
  3692 | D:3      | Reached XP level 6. HP: 29/36 MP: 1/14
  4216 | D:4      | Reached skill level 6 in Spellcasting
  4372 | D:4      | Noticed Borgoz's ghost (amateur GrFi)
  4425 | D:5      | Entered Level 5 of the Dungeon
  4491 | D:4      | Learned a level 3 spell: Conjure Flame
  4620 | D:4      | Killed Borgoz's ghost
  4620 | D:4      | Reached skill level 7 in Spellcasting
  4620 | D:4      | Reached XP level 7. HP: 41/41 MP: 3/17
  5206 | D:2      | Reached skill level 8 in Spellcasting
  5357 | D:5      | Reached XP level 8. HP: 36/46 MP: 5/20
  5805 | D:5      | Reached skill level 9 in Spellcasting
  6273 | D:6      | Found a staircase to the Ecumenical Temple.
  6279 | Temple   | Entered the Ecumenical Temple
  6363 | Temple   | Became a worshipper of Sif Muna the Loreminder
  6742 | D:7      | Noticed Joseph
  6971 | D:6      | Got an iridescent trident
  6972 | D:6      | Identified the +7 trident "Wogemm" {pierce, rF+ rC+ Str+2 Dex-3} (You found it on level 6 of the Dungeon)
  8101 | D:7      | Found Dejauw's Antique Armour Boutique.
  8133 | D:7      | Noticed a hippogriff
  8143 | D:7      | Killed a hippogriff
  8143 | D:7      | Reached skill level 10 in Spellcasting
  8179 | D:7      | Noticed Borgoz's ghost (novice GrFi)
  8259 | D:7      | Reached XP level 9. HP: 29/51 MP: 15/23
  8267 | D:7      | Reached * piety under Sif Muna
  8877 | D:7      | HP: 1/51 [orc/whip (8)]
  8878 | D:7      | Demolished by an orc warrior

Vault maps used:
D:1:      shiori_arrival_maze, grunt_decor_resistance
D:3:      grunt_ministairs_2, amethyst_killhole, minivault_24,
          kennysheep_orc_chapel, uniq_robin
D:5:      first_ration
D:6:      minmay_temple_entry_hall, kennysheep_generic_room_15
D:7:      marbit_many_paths, kennysheep_mini_moat, basic_altar, serial_shops,
          shop, kennysheep_mini, nicolae_shop_stone, uniq_joseph
Temple:   lightli_temple_of_artemis

Skill      XL: |  1  2  3  4  5  6  7  8 |
---------------+-------------------------+-----
Spellcasting   | 4 5 7 8 10 | 10.9
Conjurations   | 2 3 |  3.0
Dodging        | |  2.0
Stealth        | |  2.6
Summonings     | |  1.0
Translocations | |  1.0

Action                   |  1- 3 |  4- 6 |  7- 9 || total
-------------------------+-------+-------+-------++-------
Melee: Unarmed           |    17 |     7 |       ||    24
       Constrict         |     6 |    18 |     6 ||    30
       Tentacles         |     2 |    11 |     3 ||    16
       Dagger            |       |    68 |    18 ||    86
       Trident           |       |       |    31 ||    31
 Cast: Magic Dart        |    79 |   149 |   242 ||   470
       Call Imp          |     9 |    17 |     7 ||    33
       Mephitic Cloud    |       |     8 |    11 ||    19
       Blink             |       |     2 |     2 ||     4
       Conjure Flame     |       |     3 |    11 ||    14
       Slow              |       |       |     3 ||     3
  Use: Potion            |       |       |     2 ||     2
       Scroll            |       |       |     1 ||     1
 Stab: Sleeping          |     1 |     1 |     1 ||     3
       Confused          |       |     2 |       ||     2
  Eat: Chunk             |     5 |     7 |    28 ||    40
Armor: Skin              |     3 |     3 |     2 ||     8
Dodge: Dodged            |    20 |    41 |    45 ||   106

Table legend:
 A = Spawn XP
 B = Non-spawn XP
 C = Spawn XP percentage of total XP
 D = Spawn monster count
 E = Non-spawn monster count
 F = Spawn count percentage of total count
 G = Total turns spent on level
                    A         B        C        D         E        F      G
               +---------+---------+-------+---------+---------+-------+---------
         Total |       0 |    2991 |   0.0 |       0 |     152 |   0.0 |  8878
               +---------+---------+-------+---------+---------+-------+---------
           D:1 |       0 |      20 |   0.0 |       0 |      11 |   0.0 |  1061
           D:2 |       0 |     228 |   0.0 |       0 |      30 |   0.0 |  1970
           D:3 |       0 |     246 |   0.0 |       0 |      35 |   0.0 |  1147
           D:4 |       0 |     451 |   0.0 |       0 |      21 |   0.0 |   889
           D:5 |       0 |     786 |   0.0 |       0 |      25 |   0.0 |  1310
           D:6 |       0 |     306 |   0.0 |       0 |      12 |   0.0 |  1528
           D:7 |       0 |     954 |   0.0 |       0 |      18 |   0.0 |   779
               +---------+---------+-------+---------+---------+-------+---------
